 Dungeon Crawl Stone Soup version 0.23.2-1-ga50397a (webtiles) character file.

Game seed: 10266950063873932722

387 Crabhammer the Sneak (level 6, -5/30 HPs)
             Began as a Spriggan Enchanter on May 23, 2019.
             Was an Initiate of Gozag.
             Killed from afar by an orc wizard (6 damage)
             ... with a magic dart
             ... on level 3 of the Dungeon on May 24, 2019.
             The game lasted 00:17:36 (3450 turns).

Crabhammer the Sneak (Spriggan Enchanter)           Turns: 3450, Time: 00:17:36

Health: -5/30      AC:  2    Str:  4    XL:     6   Next: 49%
Magic:  1/13       EV: 19    Int: 19    God:    Gozag
Gold:   173        SH:  0    Dex: 16    Spells: 7/13 levels left

rFire    . . .     SeeInvis +   a - +1 dagger (elec)
rCold    . . .     Gourm    .   (shield restricted)
rNeg     . . .     Faith    .   b - +0 robe
rPois    .         Spirit   .   (helmet restricted)
rElec    .         Reflect  .   (no cloak)
rCorr    .         Harm     .   (gloves unavailable)
MR       +....                  (boots unavailable)
Stlth    ++++......             (no amulet)
HPRegen  0.10/turn              (no ring)
MPRegen  0.13/turn              (no ring)

@: very quick
A: very small, unfitting armour, see invisible, herbivore, speed 3, slow
metabolism 2
a: Potion Petition, Call Merchant, Bribe Branch, Renounce Religion


You were on level 3 of the Dungeon.
You worshipped Gozag.
Gozag was aware of your devotion.
You were very hungry.

You visited 1 branch of the dungeon, and saw 3 of its levels.

You collected 198 gold pieces.
You paid 25 gold pieces to Gozag.

Inventory:

Hand Weapons
 a - a +1 dagger of electrocution (weapon)
Armour
 b - a +0 robe (worn)
Wands
 i - a wand of random effects (28)
Scrolls
 c - a scroll of enchant armour {unknown}
 e - 2 scrolls of magic mapping {unknown}
 g - 4 scrolls of teleportation {unknown}
 h - 2 scrolls of remove curse {unknown}
 k - a scroll of blinking {unknown}
 l - a scroll of noise {unknown}
 m - a scroll of fear {unknown}
 q - a scroll of enchant weapon {unknown}
Potions
 f - a potion of curing {unknown}
 j - a potion of mutation {unknown}
 n - a potion of degeneration {unknown}
 o - a potion of cancellation {unknown}
 p - a potion of agility {unknown}
Comestibles
 d - 6 rations


   Skills:
 + Level 1.0 Fighting
 + Level 2.6 Short Blades
 + Level 4.1 Dodging
 + Level 7.5 Stealth
 + Level 4.4 Spellcasting
 + Level 5.1 Hexes


You had 7 spell levels left.
You knew the following spells:

 Your Spells              Type           Power        Failure   Level  Hunger
a - Corona                Hex            ###....      1%          1    None
b - Ensorcelled Hibernat  Hex/Ice        ##....       7%          2    #......
c - Confuse               Hex            ###.....     4%          3    ###....

Your spell library contained the following spells:

 Spells                   Type           Power        Failure   Level  Hunger
 Tukima's Dance           Hex            ###.....     4%          3    ###....
 Dazzling Spray           Conj/Hex       ##....       14%         3    ###....


Dungeon Overview and Level Annotations

Branches:
Dungeon (3/15)

Altars:
Dithmenos
Elyvilon
Gozag
Nemelex Xobeh
Trog

Shops:
D:3 *


Innate Abilities, Weirdness & Mutations

You are very small and have problems with some larger weapons.
You are too small for most types of armour.
You have supernaturally acute eyesight. (SInv)
You are a herbivore.
You cover ground extremely quickly.
You need to consume almost no food.


Message History

Aiming: Ensorcelled Hibernation (safe; 7% risk of failure)
Press: ? - help, Shift-Dir - straight line, f/p - orc wizard
Aim: an orc wizard, wielding a +0 dagger and wearing a +0 robe (moderately wounded, slightly transparent, chance to defeat MR: 44%)
The orc wizard resists with some effort.
The orc wizard closely misses you.
You closely miss the orc wizard.
The orc wizard is moderately wounded.
The orc wizard barely misses you.
You hit the orc wizard.
The orc wizard is heavily wounded.
The orc wizard closely misses you.
You barely miss the orc wizard.
The orc wizard is heavily wounded.
The orc wizard misses you.
You hit the orc wizard but do no damage.
The orc wizard is heavily wounded.
The orc wizard points at you and mumbles some strange words.
The magic dart hits you.
You die...
Your body crumbles into a pile of gold.

.# #>###.# #
####.#### .# #..#
#.# #.#.# .# ##.#
... ####.#### .# #.#
##. ###...#...# .##
#.# ...#..#.#..# ..#
#.# #.####.#### ..#
#.# #.# #..# ..##
#.# #.#####>###.##
...## #.#
#..oo@......# ###.##
#.# #######.##### #
##.# #.# #.# #.###.#
#.# # ##..##.# #.#
###.#.##.# #.#
....#.##.#########.#
###.#..)...........#
# #.########.######


You could see an orc wizard and an orc.

Vanquished Creatures
  Sigmund (D:2)
  An orc priest (D:3)
  Terence (D:2)
  An orc wizard (D:3)
  2 adders
  3 oozes (D:3)
  3 dart slugs (D:2)
  3 worms (D:2)
  3 leopard geckos
  8 orcs (D:3)
  8 giant cockroaches
  12 goblins
  7 hobgoblins
  A quokka (D:3)
  11 bats
  12 frilled lizards
  11 kobolds
  16 rats
104 creatures vanquished.

Notes
Turn   | Place    | Note
-------+----------+-------------------------------------------
     0 | D:1      | Crabhammer the Spriggan Enchanter began the quest for the
                  | Orb.
     0 | D:1      | Reached XP level 1. HP: 9/9 MP: 5/5
   287 | D:1      | Reached XP level 2. HP: 10/13 MP: 4/6
   320 | D:1      | Learned a level 2 spell: Ensorcelled Hibernation
   607 | D:1      | Reached skill level 5 in Stealth
  1068 | D:1      | Reached XP level 3. HP: 13/16 MP: 1/8
  1427 | D:1      | Learned a level 3 spell: Confuse
  1712 | D:2      | Found a white marble altar of Elyvilon.
  2135 | D:2      | Found a shadowy altar of Dithmenos.
  2180 | D:2      | Found a sparkling altar of Nemelex Xobeh.
  2230 | D:2      | Noticed Terence
  2240 | D:2      | Reached XP level 4. HP: 21/21 MP: 10/10
  2273 | D:2      | Noticed Sigmund
  2406 | D:2      | Killed Terence
  2477 | D:2      | Killed Sigmund
  2477 | D:2      | Reached skill level 6 in Stealth
  2477 | D:2      | Reached XP level 5. HP: 25/25 MP: 0/12
  2659 | D:2      | Reached skill level 7 in Stealth
  2678 | D:2      | Noticed a moth of wrath
  2681 | D:2      | Found a bloodstained altar of Trog.
  2738 | D:2      | Reached XP level 6. HP: 29/29 MP: 10/13
  2841 | D:3      | Reached skill level 5 in Hexes
  3035 | D:3      | Found Gozag's Platinum Reserve.
  3038 | D:3      | Found an opulent altar of Gozag.
  3176 | D:3      | Became a worshipper of Gozag Ym Sagoz the Greedy
  3437 | D:3      | Reached skill level 1 in Fighting
  3445 | D:3      | HP: 1/30 [orc wizard/+0 dagger (3)]
  3450 | D:3      | Killed from afar by an orc wizard

Skill      XL: |  1  2  3  4  5  6 |
---------------+-------------------+-----
Spellcasting   | 3 4 |  4.4
Stealth        | 5 6 7 |  7.5
Hexes          | 4 5 |  5.1
Short Blades   | 2 |  2.6
Dodging        | 4 |  4.1
Fighting       | 1 |  1.0

Action                   |  1- 3 |  4- 6 || total
-------------------------+-------+-------++-------
Melee: Dagger            |   201 |   146 ||   347
 Cast: Corona            |    13 |     1 ||    14
       Ensorcelled Hiber |    22 |    27 ||    49
       Confuse           |       |     1 ||     1
 Stab: Sleeping          |    21 |    18 ||    39
       Distracted        |     1 |     1 ||     2
  Eat: Ration            |       |     1 ||     1
Armor: Robe              |    15 |     9 ||    24
Dodge: Dodged            |   142 |    92 ||   234
